 Dungeon Crawl Stone Soup version 0.30.1-11-g7821555f0a (webtiles) character file.

Game seed: 14515555924387210481

6 ChrisAssaf the Firebug (level 2, -1/17 (19) HPs)
             Began as a Human Fire Elementalist on Dec 19, 2023.
             Succumbed to an adder's poison
             ... on level 2 of the Dungeon.
             The game lasted 00:01:28 (273 turns).

ChrisAssaf the Firebug (Human Fire Elementalist)     Turns: 273, Time: 00:01:29

HP:   -1/17 (19)    AC:  2    Str:  7 (8)  XL:     2   Next: 0%
MP:   0/5           EV: 12    Int: 12 (15) God:
Gold: 29            SH:  0    Dex: 12 (13) Spells: 2/5 levels left

rFire   . . .        (no weapon)
rCold   . . .        (no shield)
rNeg    . . .        a - +0 robe
rPois   .            (no helmet)
rElec   .            (no cloak)
rCorr   .            (no gloves)
SInv    .            (no boots)
Will    .....        (no amulet)
Stlth   ++           (no ring)
HPRegen 0.22/turn    (no ring)
MPRegen 0.09/turn

%: no passive effects
@: mighty, lethally poisoned (-1 -> -8), heavily drained
A: no striking features
a: no special abilities


You were on level 2 of the Dungeon.
You visited 1 branch of the dungeon, and saw 2 of its levels.

You collected 29 gold pieces.

Inventory:

Armour
 a - a +0 robe (worn)


   Skills:
 * Level 0.1 Fighting
 * Level 0.3 Armour
 * Level 2.0 Dodging
 * Level 2.0 Stealth
 * Level 2.1 Spellcasting
 * Level 1.0 Conjurations
 * Level 3.1 Fire Magic


You had 2 spell levels left.
You knew the following spells:

 Your Spells              Type           Power      Damage    Failure   Level
a - Foxfire               Conj/Fire      24%        2x1d5     12%         1
b - Scorch                Fire           16%        2d5       11%         2

Your spell library contained the following spells:

 Spells                   Type           Power      Damage    Failure   Level
 Inner Flame              Hex/Fire       5%         N/A       38%         3
 Volatile Blastmotes      Fire/Tloc      10%        2d10      38%         3
 Flame Wave               Conj/Fire      6%         2d5       75%         4


Dungeon Overview and Level Annotations

Branches:
Dungeon (2/15)

Altars:

Annotations:
D:2 Terence


Message History

The adder bites you. The adder bites you but does no damage.
Found 13 gold pieces and a runed rapier.
The adder is no longer more vulnerable to fire.
The adder attacks as you move away! The adder bites you.
Found a pair of gloves.
Found a stone staircase leading down.
Casting: Scorch (safe; 9% risk of failure)
Confirm with . or Enter, or press ? or * to list all spells.
You conjure some foxfire!
The adder closely misses you.
Your foxfire dissipates!
The adder attacks as you move away! The adder barely misses you.
A hobgoblin comes into view.
The hobgoblin shouts!
The foxfire hits the adder but does no damage.
The adder is lightly wounded.
The adder bites you.
You are poisoned.
The adder poisons you!
Casting: Foxfire (safe; 10% risk of failure)
Confirm with . or Enter, or press ? or * to list all spells.
You conjure some foxfire!
You feel sick. The adder bites you but does no damage.
Your magical contamination has completely faded away.
A kobold comes into view. It is wielding a +0 dagger.
Found a scroll labelled BAUNETZUTHRU.
You feel sick.
The foxfire hits Terence.
Terence is lightly wounded.
The foxfire hits Terence.
Terence is moderately wounded.
Unknown command.
It was a potion of might.
You feel very mighty all of a sudden.
You feel sick. The adder closely misses you. The adder bites you.
* * * LOW HITPOINT WARNING * * *
You are more poisoned.
The adder poisons you! Terence hits you but does no damage.
You feel drained.
Unknown command.
It was a potion of degeneration.
There was something very wrong with that liquid.
You feel weakened.
You feel dopey.
You feel clumsy.
You die...

# K###### #.#
.?....####)..#
#..@.g..$#
#.@S.....#
#........#
#.#####[>..
#.# ##. #.#
#.# ###
#.####.##.....
#.....<.......


You could see Terence, an adder, a hobgoblin and a kobold (asleep).

Vanquished Creatures
  An endoplasm (D:1)
  A giant cockroach (D:1)
  A goblin (D:1)
  A quokka (D:1)
  A kobold (D:1)
5 creatures vanquished.

Vanquished Creatures (others)
  17 foxfires
17 creatures vanquished.

Grand Total: 22 creatures vanquished

Notes
Turn   | Place    | Note
-------+----------+-------------------------------------------
     0 | D:1      | ChrisAssaf the Human Fire Elementalist began the quest for
                  | the Orb.
     0 | D:1      | Reached XP level 1. HP: 13/13 MP: 3/3
   232 | D:1      | Reached XP level 2. HP: 19/19 MP: 3/5
   235 | D:1      | Learned a level 2 spell: Scorch
   255 | D:2      | Noticed Terence
   273 | D:2      | Succumbed to an adder's poison

Illustrated notes

Levels and vault maps discovered:
D:1:      sevenhm_arrival_forest_fort_small_4, layout_basic,
          shapermc_ecumenical_altar_petra
D:2:      layout_basic, basic_altar, uniq_sigmund, uniq_terence

Action                     || total
---------------------------++-------
   Cast: Foxfire           ||    11
         Scorch            ||     3
    Use: Potion            ||     3
 Armour: Robe              ||     5
  Dodge: Dodged            ||    10
